 Dungeon Crawl Stone Soup version 0.21-a0-404-g291f19a (webtiles) character file.

347 ryw the Fighter (level 6, -13/61 HPs)
             Began as a Gnoll Wanderer on Oct 28, 2017.
             Was a Follower of the Shining One.
             Mangled by Pikel
             ... wielding a +0 whip of electrocution
              (14 damage)
             ... on level 3 of the Dungeon.
             The game lasted 00:08:06 (3301 turns).

ryw the Fighter (Gnoll Wanderer)                    Turns: 3301, Time: 00:08:07

Health: -13/61     AC: 10    Str: 12    XL:     6   Next: 59%
Magic:  9/9        EV: 10    Int: 15    God:    the Shining One [*.....]
Gold:   142        SH:  0    Dex: 18    Spells: 9/9 levels left

rFire    . . .     SeeInvis .   r - +1 dagger (elec)
rCold    . . .     Gourm    .   (no shield)
rNeg     . . .     Faith    .   a - +2 scale mail
rPois    .         Spirit   .   v - +0 hat
rElec    .         Reflect  .   B - +0 cloak
rCorr    +         Harm     .   (no gloves)
MR       .....                  (no boots)
Stlth    +.........             (no amulet)
HPRegen  0.20/turn              c - ring of resist corrosion
MPRegen  0.11/turn              (no ring)

@: flying, hasted, glowing, very quick
A: distributed training, fangs 1, strong nose
a: Renounce Religion


You were on level 3 of the Dungeon.
You worshipped the Shining One.
The Shining One was aware of your devotion.
You were not hungry.

You visited 1 branch of the dungeon, and saw 4 of its levels.

You collected 142 gold pieces.

Inventory:

Hand Weapons
 d - a +0 blowgun
 g - a +4 quarterstaff of chaos
 r - a +1 dagger of electrocution (weapon)
Missiles
 e - 2 curare-tipped needles
 i - 12 poisoned needles
Armour
 a - a +2 scale mail (worn)
 v - a +0 hat (worn)
 B - a +0 cloak (worn)
Jewellery
 c - a ring of resist corrosion (left hand)
 u - a cursed ring of loudness {unknown}
Wands
 A - a wand of random effects (19/48)
Scrolls
 o - a scroll of enchant weapon {unknown}
 q - 2 scrolls of immolation {unknown}
 s - 2 scrolls of remove curse
 t - 3 scrolls of magic mapping {unknown}
 x - a scroll of recharging
 C - a scroll of identify {unknown}
Potions
 b - 2 potions of lignification
 k - a potion of curing
 l - a potion of flight
 z - a potion of mutation {unknown}
Books
 y - a book of Cantrips

   Spells                             Type                      Level
   a - Confusing Touch                Hexes                        1
   b - Animate Skeleton               Necromancy                   1
   c - Summon Small Mammal            Summoning                    1
   d - Apportation                    Translocation                1
Comestibles
 f - 5 bread rations
 m - 3 meat rations
 p - 2 fruits
 w - 2 chunks of flesh


   Skills:
 + Level 10.5 Fighting
 + Level 2.0 Short Blades
 + Level 2.0 Long Blades
 + Level 2.0 Axes
 + Level 2.0 Maces & Flails
 + Level 2.0 Polearms
 + Level 2.0 Staves
 + Level 2.0 Slings
 + Level 2.0 Bows
 + Level 2.0 Crossbows
 + Level 3.2 Throwing
 + Level 5.0 Armour
 + Level 3.2 Dodging
 + Level 3.1 Stealth
 + Level 2.0 Shields
 + Level 2.0 Unarmed Combat
 + Level 2.0 Spellcasting
 + Level 1.5 Conjurations
 + Level 1.5 Hexes
 + Level 1.5 Charms
 + Level 1.5 Summonings
 + Level 1.5 Necromancy
 + Level 1.5 Translocations
 + Level 1.5 Transmutations
 + Level 1.5 Fire Magic
 + Level 1.5 Ice Magic
 + Level 1.5 Air Magic
 + Level 1.5 Earth Magic
 + Level 1.5 Poison Magic
 + Level 2.2 Invocations
 + Level 2.0 Evocations


You had 9 spell levels left.
You didn't know any spells.

Dungeon Overview and Level Annotations

Branches:
Dungeon (4/15)
 Temple: D:4-7

Altars:
The Shining One

Annotations:
D:3 Pikel


Innate Abilities, Weirdness & Mutations

Your experience applies equally to all skills.
You have very sharp teeth.
Your uncanny sense of smell can sniff out nearby items.


Message History

* * * LOW HITPOINT WARNING * * *
You hit Pikel but do no damage.
Pikel is heavily wounded.
Pikel hits you but does no damage.
You feel better. Pikel hits you but does no damage.
You barely miss Pikel.
Pikel is heavily wounded.
Pikel hits you but does no damage.
You are electrocuted!
* * * LOW HITPOINT WARNING * * *
You hit Pikel but do no damage.
Pikel is heavily wounded.
Pikel hits you but does no damage.
It was a potion of flight.
You feel very buoyant.
You fly up into the air.
Pikel closely misses you.
It was a potion of haste.
You feel yourself speed up.
Pikel hits you with a whip of electrocution.
* * * LOW HITPOINT WARNING * * *
You are electrocuted!
You die...

.# #...# #...# .#
##...###.#.# .####..........#
### ........####...# #.# ###
........# #...## #.# #.#
........####....#####.# #.#
.####.........#.......# #.#
.####..######.#..####.#####.#
..........# #.#K@# #.......##
..........###.#..# #.#####..#
..............#..# #.# #.##
..........#####..####.# #.#
......................# #.#
.####'###.#####..####.# #.#
.####.# #.# #.#..# #.# #.#
....#.# #.# #.#..# #.# #.#
.##.#.# #.# #.#..# #.# #.#


You could see Pikel.

Vanquished Creatures
  2 slaves (D:4)
  A phantom (D:3)
  Crazy Yiuf (D:2)
  Natasha (thrice) (D:2)
  Robin (D:2)
  4 adders
  3 oozes
  A worm (D:2)
  2 dart slugs (D:1)
  2 leopard geckos (D:3)
  An orc (D:4)
  3 ball pythons
  2 giant cockroaches
  13 goblins
  13 hobgoblins
  6 jackals (D:2)
  3 quokkas
  6 bats
  7 frilled lizards
  9 kobolds
  8 rats
91 creatures vanquished.

Notes
Turn   | Place    | Note
-------+----------+-------------------------------------------
     0 | D:1      | Reached skill level 10 in Fighting
     0 | D:1      | ryw the Gnoll Wanderer began the quest for the Orb.
     0 | D:1      | ryw set off with: a +2 scale mail, a potion of lignification, 12 poisoned needles, a +0 blowgun, a bread ration
     0 | D:1      | Reached XP level 1. HP: 28/28 MP: 1/1
    70 | D:1      | Reached XP level 2. HP: 25/36 MP: 2/2
   388 | D:1      | Reached XP level 3. HP: 28/42 MP: 3/3
   837 | D:2      | Reached skill level 1 in Invocations
   888 | D:2      | Reached skill level 1 in Short Blades
   888 | D:2      | Reached skill level 1 in Long Blades
   888 | D:2      | Reached skill level 1 in Axes
   888 | D:2      | Reached skill level 1 in Maces & Flails
   888 | D:2      | Reached skill level 1 in Polearms
   888 | D:2      | Reached skill level 1 in Staves
   888 | D:2      | Reached skill level 1 in Slings
   888 | D:2      | Reached skill level 1 in Bows
   888 | D:2      | Reached skill level 1 in Crossbows
   888 | D:2      | Reached skill level 1 in Shields
   888 | D:2      | Reached skill level 1 in Unarmed Combat
   888 | D:2      | Reached skill level 1 in Spellcasting
   888 | D:2      | Reached skill level 1 in Evocations
  1190 | D:2      | Noticed Natasha
  1209 | D:2      | Killed Natasha
  1209 | D:2      | Reached XP level 4. HP: 18/48 MP: 5/5
  1497 | D:2      | Noticed Robin
  1529 | D:2      | Reached skill level 1 in Conjurations
  1529 | D:2      | Reached skill level 1 in Hexes
  1529 | D:2      | Reached skill level 1 in Charms
  1529 | D:2      | Reached skill level 1 in Summonings
  1529 | D:2      | Reached skill level 1 in Necromancy
  1529 | D:2      | Reached skill level 1 in Translocations
  1529 | D:2      | Reached skill level 1 in Transmutations
  1529 | D:2      | Reached skill level 1 in Fire Magic
  1529 | D:2      | Reached skill level 1 in Ice Magic
  1529 | D:2      | Reached skill level 1 in Air Magic
  1529 | D:2      | Reached skill level 1 in Earth Magic
  1529 | D:2      | Reached skill level 1 in Poison Magic
  1573 | D:2      | Noticed Natasha
  1582 | D:2      | Killed Natasha
  1582 | D:2      | Reached XP level 5. HP: 30/54 MP: 6/6
  1678 | D:2      | Noticed Natasha
  1682 | D:2      | Killed Natasha
  2089 | D:2      | Killed Robin
  2198 | D:2      | Found a runed door.
  2202 | D:2      | Noticed Crazy Yiuf
  2214 | D:2      | Killed Crazy Yiuf
  2498 | D:3      | Reached XP level 6. HP: 61/61 MP: 8/8
  2524 | D:3      | Noticed a phantom
  2552 | D:3      | Killed a phantom
  2552 | D:3      | Reached skill level 5 in Armour
  2660 | D:3      | Found a faded altar of an unknown god.
  3031 | D:3      | Became a worshipper of the Shining One
  3031 | D:3      | Reached * piety under the Shining One
  3200 | D:4      | Noticed a slave
  3200 | D:4      | Noticed a slave
  3203 | D:4      | Noticed a slave
  3213 | D:4      | Noticed a slave
  3214 | D:4      | Noticed Pikel
  3214 | D:4      | Killed a slave
  3272 | D:4      | Killed a slave
  3298 | D:3      | HP: 2/61 [Pikel/whip of electrocution (15)]
  3301 | D:3      | Mangled by Pikel

Vault maps used:
D:1:      lightli_arrival_noodles, serial_park_tiny_2
D:2:      first_bread, uniq_crazy_yiuf_cottage, uniq_robin, uniq_natasha
D:3:      chequers_ecumenical_altar_island
D:4:      dk_rats_in_the_wall, uniq_sigmund, uniq_pikel

Skill      XL: |  1  2  3  4  5  6 |
---------------+-------------------+-----
Fighting       | | 10.5
Invocations    | 1 2 |  2.2
Short Blades   | 1 2 |  2.0
Long Blades    | 1 2 |  2.0
Axes           | 1 2 |  2.0
Maces & Flails | 1 2 |  2.0
Polearms       | 1 2 |  2.0
Staves         | 1 2 |  2.0
Slings         | 1 2 |  2.0
Bows           | 1 2 |  2.0
Crossbows      | 1 2 |  2.0
Shields        | 1 2 |  2.0
Unarmed Combat | 1 2 |  2.0
Spellcasting   | 1 2 |  2.0
Evocations     | 1 2 |  2.0
Conjurations   | 1 |  1.5
Hexes          | 1 |  1.5
Charms         | 1 |  1.5
Summonings     | 1 |  1.5
Necromancy     | 1 |  1.5
Translocations | 1 |  1.5
Transmutations | 1 |  1.5
Fire Magic     | 1 |  1.5
Ice Magic      | 1 |  1.5
Air Magic      | 1 |  1.5
Earth Magic    | 1 |  1.5
Poison Magic   | 1 |  1.5
Throwing       | 3 |  3.2
Dodging        | 3 |  3.2
Armour         | 5 |  5.0
Stealth        | 3 |  3.1

Action                   |  1- 3 |  4- 6 || total
-------------------------+-------+-------++-------
Melee: Dagger            |   154 |   152 ||   306
       Bite              |    24 |    13 ||    37
       Unarmed           |     1 |       ||     1
       Punch             |       |     1 ||     1
       Quarterstaff      |       |    54 ||    54
 Fire: Blowgun           |    19 |       ||    19
  Use: Scroll            |     2 |       ||     2
       Potion            |       |     8 ||     8
 Stab: Invisible         |       |     1 ||     1
  Eat: Chunk             |     1 |     7 ||     8
Armor: Scale mail        |    74 |    80 ||   154
Dodge: Dodged            |    60 |   102 ||   162

Table legend:
 A = Spawn XP
 B = Non-spawn XP
 C = Spawn XP percentage of total XP
 D = Spawn monster count
 E = Non-spawn monster count
 F = Spawn count percentage of total count
 G = Total turns spent on level
                    A         B        C        D         E        F      G
               +---------+---------+-------+---------+---------+-------+---------
         Total |       0 |     496 |   0.0 |       0 |      89 |   0.0 |  3301
               +---------+---------+-------+---------+---------+-------+---------
           D:1 |       0 |      50 |   0.0 |       0 |      23 |   0.0 |   947
           D:2 |       0 |     246 |   0.0 |       0 |      42 |   0.0 |  1424
           D:3 |       0 |     184 |   0.0 |       0 |      22 |   0.0 |   797
           D:4 |       0 |      16 |   0.0 |       0 |       2 |   0.0 |   133
               +---------+---------+-------+---------+---------+-------+---------
